 Dungeon Crawl Stone Soup version 0.23-a0-860-g8ff03fb (webtiles) character file.

374 Amnesiac the Cutter (level 6, -5/37 HPs)
             Began as a Tengu Fighter on Jan 28, 2019.
             Splashed by a jelly's acid (10 damage)
             ... on level 5 of the Dungeon.
             The game lasted 00:04:29 (2089 turns).

Amnesiac the Cutter (Tengu Fighter)                 Turns: 2089, Time: 00:04:29

Health: -5/37      AC:  2    Str: 18    XL:     6   Next: 72%
Magic:  7/7        EV:  7    Int:  8    God:
Gold:   134        SH:  9    Dex: 14    Spells: 5/5 levels left

rFire    . . .     SeeInvis .   a - +0 rapier
rCold    . . .     Gourm    .   c - +0 shield
rNeg     . . .     Faith    .   b - +0 scale mail
rPois    .         Spirit   .   (helmet restricted)
rElec    .         Reflect  .   (no cloak)
rCorr    .         Harm     .   (no gloves)
MR       .....                  (boots unavailable)
Stlth    ..........             (no amulet)
HPRegen  0.12/turn              (no ring)
MPRegen  0.10/turn              (no ring)

@: corroded
A: beak, talons 3, able to fly
a: Fly


You were on level 5 of the Dungeon.
You were hungry.

You visited 1 branch of the dungeon, and saw 5 of its levels.

You collected 134 gold pieces.

Inventory:

Hand Weapons
 a - a +0 rapier (weapon)
Armour
 b - a +0 scale mail (worn)
 c - a +0 shield (worn)
Jewellery
 e - an uncursed ring of fire
Scrolls
 i - 4 scrolls of identify {!r, unknown}
 k - 3 scrolls of teleportation {!r, unknown}
 m - 3 scrolls of blinking {!r, unknown}
 n - a scroll of fog {!r, unknown}
Potions
 d - a potion of might {!q}
 h - 3 potions of heal wounds {!q, unknown}
 j - 3 potions of agility {!q, unknown}
 l - a potion of flight {!q, unknown}
 o - a potion of curing {!q, unknown}
Comestibles
 f - 4 rations


   Skills:
 - Level 3.0 Fighting
 + Level 7.6 Short Blades
 - Level 3.2 Armour
 - Level 3.0 Shields


You had 5 spell levels left.
You didn't know any spells.
Your spell library contained the following spells:

 Spells                   Type           Power        Failure   Level  Hunger
 Animate Skeleton         Necr           N/A          100%        1    ##.....
 Pain                     Necr           #...         100%        1    ##.....
 Regeneration             Chrm/Necr      #.........   100%        3    ####...
 Vampiric Draining        Necr           #.........   100%        3    ####...
 Animate Dead             Necr           N/A          100%        4    #####..


Dungeon Overview and Level Annotations

Branches:
Dungeon (5/15)
 Temple: D:4-7

Altars:
Elyvilon
Hepliaklqana
Yredelemnul


Innate Abilities, Weirdness & Mutations

You have a beak for a mouth.
You have claws for feet.
You can fly continuously.


Message History

The crimson imp shouts, "Back with thee, thou loggerheaded full-gorged nobody!"
You hit the orc warrior.
You peck the orc warrior, but do no damage.
The orc warrior is moderately wounded.
You block the orc warrior's attack.
A jelly comes into view.
The orc wizard hits you but does no damage.
The jelly quivers.
You hit the orc warrior.
The orc warrior is heavily wounded.
You block the orc's attack.
You closely miss the orc warrior.
You claw the orc warrior, but do no damage.
You peck the orc warrior, but do no damage.
The orc warrior is heavily wounded.
The orc wizard hits you but does no damage.
You block the orc warrior's attack. You block the orc's attack.
You hit the orc warrior. You peck the orc warrior.
The orc warrior is almost dead.
The orc wizard hits you with a +0 dagger.
The orc wizard hits you but does no damage.
The orc warrior hits you with a +0 long sword.
The orc hits you with a +0 flail.
You hit the orc warrior. You claw the orc warrior. You peck the orc warrior.
You kill the orc warrior!
Your life force feels restored.
The orc wizard hits you with a +0 dagger.
The orc wizard hits you but does no damage.
The orc barely misses you.
You barely miss the orc wizard.
You claw the orc wizard, but do no damage.
You block the orc wizard's attack.
The orc wizard hits you but does no damage.
You hit the orc wizard but do no damage.
You claw the orc wizard!
The orc wizard is heavily wounded.
The orc hits you with a +0 flail!
* * * LOW HITPOINT WARNING * * *
The orc wizard hits you but does no damage. x2
You closely miss the orc wizard.
You claw the orc wizard, but do no damage.
The orc wizard is heavily wounded.
The orc wizard gestures wildly while chanting.
The orc wizard seems to speed up.
You block the orc's attack.
The orc wizard points at you and mumbles some strange words.
The puff of frost hits you!
* * * LOW HITPOINT WARNING * * *
You completely miss the orc wizard.
You claw the orc wizard, but do no damage.
The orc wizard is heavily wounded.
The orc wizard hits you with a +0 dagger.
* * * LOW HITPOINT WARNING * * *
The orc wizard hits you with a +0 dagger.
* * * LOW HITPOINT WARNING * * *
The orc completely misses you.
You are too injured to fight recklessly!
You are too injured to fight recklessly!
You are too injured to fight recklessly!
You are too injured to fight recklessly!
You are too injured to fight recklessly!
The jelly hits you.
* * * LOW HITPOINT WARNING * * *
The acid corrodes you!
You are splashed with acid!
You die...

....# ....#
....###################
.......................
.......................
....###########....####
....# #..†....# ....#
#.......# ....#
#....@..# ....#
#...Jo).# #+###
#...o)o.# #....5..#
#.......# #....?.(.
+......... ##.........
#..........


You could see a jelly, 2 orc wizards, a crimson imp and an orc.

Vanquished Creatures
  An orc warrior (D:5)
  4 orc priests
  An iguana (D:4)
  3 orc wizards (D:4)
  An adder (D:5)
  An adder skeleton (D:4)
  A worm (D:4)
  9 orcs
  3 ball pythons
  2 giant cockroaches (D:3)
  2 goblins (D:2)
  4 hobgoblins
  6 jackals
  2 quokkas
  3 bats
  A frilled lizard (D:4)
  A kobold (D:3)
  A quokka skeleton (D:4)
  3 rats
49 creatures vanquished.

Notes
Turn   | Place    | Note
-------+----------+-------------------------------------------
     0 | D:1      | Amnesiac the Tengu Fighter began the quest for the Orb.
     0 | D:1      | Reached XP level 1. HP: 14/14 MP: 2/2
    67 | D:2      | Reached XP level 2. HP: 19/19 MP: 3/3
    76 | D:1      | Reached skill level 3 in Short Blades
   512 | D:3      | Reached skill level 4 in Short Blades
   512 | D:3      | Reached XP level 3. HP: 18/23 MP: 4/4
   521 | D:2      | Reached skill level 5 in Short Blades
   521 | D:2      | Reached XP level 4. HP: 21/28 MP: 5/5
   847 | D:3      | Gained mutation: You can fly continuously. [Tengu growth]
   847 | D:3      | Reached XP level 5. HP: 32/32 MP: 6/6
   929 | D:3      | Found a hazy altar of Hepliaklqana.
  1365 | D:4      | Reached skill level 6 in Short Blades
  1536 | D:4      | Reached XP level 6. HP: 23/37 MP: 7/7
  1724 | D:4      | Found a white marble altar of Elyvilon.
  1867 | D:4      | Reached skill level 7 in Short Blades
  1976 | D:4      | Found a basalt altar of Yredelemnul.
  2027 | D:5      | Entered Level 5 of the Dungeon
  2072 | D:5      | Noticed an orc warrior
  2084 | D:5      | Killed an orc warrior
  2089 | D:5      | Splashed by a jelly's acid

Vault maps used:
D:1:      minmay_arrival_radiant_lines, minmay_misc_feat_rows, minmay_3d_cube
D:2:      chequers_ecumenical_altar_twisty
D:3:      lemuel_round_altar, first_ration
D:4:      kennysheep_ying_yang, minmay_strange_pillars
D:5:      cheibrodos_sewer_entry_bend

Skill      XL: |  1  2  3  4  5  6 |
---------------+-------------------+-----
Short Blades   | 4 5 6 7 |  7.6
Fighting       | |  3.0
Armour         | |  3.2
Shields        | |  3.0

Action                   |  1- 3 |  4- 6 || total
-------------------------+-------+-------++-------
Melee: Rapier            |    56 |    92 ||   148
       Kick              |    13 |    36 ||    49
       Peck              |     6 |    30 ||    36
  Eat: Chunk             |       |     3 ||     3
Armor: Scale mail        |    34 |    22 ||    56
Dodge: Dodged            |    29 |    15 ||    44
Block: Shield            |    34 |    45 ||    79

Table legend:
 A = Non-vault XP
 B = Vault XP
 C = Vault XP percentage of total XP
 D = Non-vault monster count
 E = Vault monster count
 F = Vault count percentage of total count
                 A         B        C        D         E       F
            +---------+---------+-------+---------+---------+-------
      Total |     535 |       0 |   0.0 |      49 |       0 |   0.0
            +---------+---------+-------+---------+---------+-------
        D:1 |      14 |       0 |   0.0 |       8 |       0 |   0.0
        D:2 |      55 |       0 |   0.0 |      10 |       0 |   0.0
        D:3 |      99 |       0 |   0.0 |      10 |       0 |   0.0
        D:4 |     214 |       0 |   0.0 |      16 |       0 |   0.0
        D:5 |     153 |       0 |   0.0 |       5 |       0 |   0.0
            +---------+---------+-------+---------+---------+-------
